Description

Timing Attack build, but could be switching over to Economic according to the result of battles and production of Probes.

VOD

https://youtu.be/kkI4SepwM6o?t=692

Build Order

Get SALT Encoding   

  14  0:18  Pylon  1st
  16  0:37  Gateway  1st
  17  0:46  Assimilator  1st
  18  0:55  Assimilator  2nd
  19  1:08  Gateway  2nd, Send a probe to enemy's base
  21  1:24  Cybernetics Core  
  22  1:33  Pylon  2nd
  24  2:00  Stalker x2, Warp Gate  Upgrade, 1st-2nd, stop at 24 probes
  28  2:09  Pylon  3rd, Construct this pylon to your expand
  28  2:22  Robotics Facility  
  28  2:46  Nexus  
  28  2:53  Sentry  1st
  30  3:09  Immortal (Chrono Boost)  Don't forget to use Chrono Boost!
  34  3:13  Gateway  3rd
  34  3:17  Sentry  2nd
  36  3:32  Pylon  4th, Somewhat late timing(3:20~3:25 would be better)
  36  3:36  Warp Prism (Chrono Boost)  Resume production of Probes
  41  4:09  Sentry x2  3rd-4th, Warp in Sentries to the pylon of your expand
  45  4:11  Stalker  3rd, As above
  49  4:16  Observer  Defensive means to DTs
  52  4:28  Pylon  5th
  52  4:38  Stalker x3  4th-6th
Spawning Tool Build Advisor. Get it on Overwolf

Analysis

[Original text(KR)]

-

[Features]

(1) Unit Composition

1 Immortal - 1 Warp prism - 4 Sentries - 6 Stalkers (+3 per 23 seconds)

(2) Build Composition (Summary)

Stalkers(1st-2nd)

-> Robotics

-> Nexus(expand)

-> Sentries(1st-2nd) & Immortal & Gateway(3rd)

-> Warp prism & Sentries(3rd-4th) & Stalker(3rd)

-> Stalkers x 3

(3) Attack Timing

4:50~5:00(calculated by the time of arrival to opponent's expand)

-

[Difficulties]

(1) vs [4 Gates All-in]

-> Easy

(2) vs [3 Gates & 1 Phoenix All-in]

-> Easy

(3) vs [2 Gates expand -> Blink Stalkers]

-> Easy

(4) vs [2 Gates expand -> Robo]

-> Easy[Neutral]

(5) vs [DT]

-> Easy[Neutral]

(6) vs [Stargate(Oracle) expand] -> Hard

(7) vs [Stargate(Phoenix) expand] -> Hard

Go to:

Details

  • Created by: heynocola
  • Published on: Apr 25, 2018
  • Modified on: Apr 25, 2018
  • Patch: 4.0.0
Show
View Real Time Build Order
Export as new Build Order

Comments (0)

There are no comments. Be the first!

Create an account to comment!